| TOP OF THE 1ST |
|
Eugene Emeralds batting - Pitching for Salt Lake City Bees : LHP Gary Grunsky
|
|
Pitching: LHP Gary Grunsky
|
|
|
Batting: LHB James Peters
|
0-0: Ball 1-0: Swinging Strike 1-1: Foul Ball, location: 2F 1-2: Ball 2-2: Foul Ball, location: 2F 2-2: Ball 3-2: Foul Ball, location: 2F 3-2: Fly out, F7 (Flyball, 7S, EV 79.4 MPH)
|
|
Batting: LHB Ty Gainey
|
0-0: Fly out, F9 (Line Drive, 9D, EV 98.8 MPH)
|
|
Batting: RHB Tim Wallach
|
0-0: Foul Ball, location: 2F 0-1: Called Strike 0-2: Ball 1-2: Ball 2-2: Ball 3-2: Strikes out swinging
|
| Top of the 1st over - 0 runs, 0 hits, 0 errors, 0 left on base; Eugene 0 - Salt Lake City 0 |
| BOTTOM OF THE 1ST |
|
Salt Lake City Bees batting - Pitching for Eugene Emeralds : RHP George Frazier
|
|
Pitching: RHP George Frazier
|
|
|
Batting: LHB Mike Cole
|
0-0: Ball 1-0: Ball 2-0: Swinging Strike 2-1: Ball 3-1: Base on Balls
|
|
Batting: LHB Eric Attaway
|
0-0: Ball 1-0: Swinging Strike 1-1: Foul Ball, location: 2F 1-2: Ball 2-2: Strikes out swinging
|
|
Batting: RHB Dick C Schofield
|
0-0: Called Strike Mike Cole steals 2nd base (no throw) 0-1: Fly out, F7 (Flyball, 7S, EV 75.0 MPH)
|
|
Batting: RHB William Cole
|
0-0: Foul Ball, location: 2F 0-1: Ball 1-1: Foul Ball, location: 2F 1-2: Ball 2-2: Foul Ball, location: 2F 2-2: Ball 3-2: Base on Balls
|
|
Batting: RHB Jamie Nelson
|
0-0: Ball 1-0: Ball 2-0: Foul Ball, location: 2F 2-1: Swinging Strike Passed Ball! Mike Cole to third William Cole to second 2-2: Foul Ball, location: 2F 2-2: Ball 3-2: Base on Balls
|
|
Batting: RHB Darnell Coles
|
0-0: Called Strike 0-1: Swinging Strike 0-2: SINGLE (Groundball, 56D, EV 94.4 MPH) Mike Cole scores William Cole to third Jamie Nelson to second Runner from 3rd tries for Home, SAFE, throw by LF to home
|
|
Batting: LHB Robert Schuster
|
0-0: Fly out, F9 (Flyball, 9LM, EV 89.4 MPH)
|
| Bottom of the 1st over - 2 runs, 1 hit, 0 errors, 2 left on base; Eugene 0 - Salt Lake City 2 |
| TOP OF THE 2ND |
|
Eugene Emeralds batting - Pitching for Salt Lake City Bees : LHP Gary Grunsky
|
|
Batting: LHB Randy Bush
|
0-0: Called Strike 0-1: Foul Ball, location: 2F 0-2: Foul Ball, location: 2F 0-2: Ball 1-2: Ball 2-2: SINGLE (Groundball, 34S, EV 68.1 MPH) (infield hit)
|
|
Batting: RHB Derrell Baker
|
0-0: Called Strike 0-1: Foul Ball, location: 2F 0-2: Foul Ball, location: 2F 0-2: Strikes out swinging
|
|
Batting: LHB Milt May
|
0-0: Called Strike 0-1: Ball 1-1: Ball 2-1: Grounds into double play, 6-4-3 (Groundball, 56D, EV 83.8 MPH)
|
| Top of the 2nd over - 0 runs, 1 hit, 0 errors, 0 left on base; Eugene 0 - Salt Lake City 2 |
| BOTTOM OF THE 2ND |
|
Salt Lake City Bees batting - Pitching for Eugene Emeralds : RHP George Frazier
|
|
Batting: RHB Darrell Miller
|
0-0: Fly out, F9 (Flyball, 9S, EV 85.6 MPH)
|
|
Batting: RHB Reid Nichols
|
0-0: Fly out, F6 (Flyball, 56D, EV 93.8 MPH)
|
|
Batting: LHB Mike Cole
|
0-0: Called Strike 0-1: Ball 1-1: SINGLE (Groundball, 5S, EV 64.4 MPH) (infield hit)
|
|
Batting: LHB Eric Attaway
|
0-0: Ball 1-0: Foul Ball, location: 2F 1-1: Called Strike 1-2: Foul Ball, location: 2F 1-2: Foul Ball, location: 2F 1-2: SINGLE (Groundball, 34D, EV 93.8 MPH) Mike Cole to second Runner from 2nd tries for 3rd, SAFE, throw by RF made to third
|
|
Batting: RHB Dick C Schofield
|
0-0: Ball 1-0: Called Strike 1-1: Foul Ball, location: 2F 1-2: Ball 2-2: Ball 3-2: Strikes out swinging
|
| Bottom of the 2nd over - 0 runs, 2 hits, 0 errors, 2 left on base; Eugene 0 - Salt Lake City 2 |
| TOP OF THE 3RD |
|
Eugene Emeralds batting - Pitching for Salt Lake City Bees : LHP Gary Grunsky
|
|
Batting: LHB Terry Lee
|
0-0: Ball 1-0: Called Strike 1-1: Ball 2-1: Fly out, F8 (Line Drive, 8LD, EV 98.8 MPH)
|
|
Batting: LHB Ron Harrison
|
0-0: Called Strike 0-1: Foul Ball, location: 2F 0-2: Ball 1-2: Ball 2-2: Ball 3-2: Foul Ball, location: 2F 3-2: Foul Ball, location: 2F 3-2: Ground out 4-3 (Groundball, 4, EV 106.9 MPH)
|
|
Batting: RHB Bill Salazar
|
0-0: Ball 1-0: Foul Ball, location: 2F 1-1: Called Strike 1-2: Ball 2-2: Foul Ball, location: 2F 2-2: Ball 3-2: Foul Ball, location: 2F 3-2: Foul Ball, location: 2F 3-2: Foul Ball, location: 2F 3-2: SINGLE (Groundball, 15S, EV 66.3 MPH) (infield hit)
|
|
Batting: LHB James Peters
|
0-0: Called Strike 0-1: Ground out 1-3 (Groundball, 15S, EV 77.5 MPH)
|
| Top of the 3rd over - 0 runs, 1 hit, 0 errors, 1 left on base; Eugene 0 - Salt Lake City 2 |
| BOTTOM OF THE 3RD |
|
Salt Lake City Bees batting - Pitching for Eugene Emeralds : RHP George Frazier
|
|
Batting: RHB William Cole
|
0-0: Ball 1-0: Swinging Strike 1-1: Ball 2-1: Ball 3-1: Swinging Strike 3-2: Ground out 6-3 (Groundball, 6M, EV 87.5 MPH)
|
|
Batting: RHB Jamie Nelson
|
0-0: Called Strike 0-1: Foul Ball, location: 2F 0-2: Strikes out swinging
|
|
Batting: RHB Darnell Coles
|
0-0: Ball 1-0: Swinging Strike 1-1: Ball 2-1: Foul Ball, location: 2F 2-2: Foul Ball, location: 2F 2-2: Ball 3-2: Strikes out looking
|
| Bottom of the 3rd over - 0 runs, 0 hits, 0 errors, 0 left on base; Eugene 0 - Salt Lake City 2 |
| TOP OF THE 4TH |
|
Eugene Emeralds batting - Pitching for Salt Lake City Bees : LHP Gary Grunsky
|
|
Batting: LHB Ty Gainey
|
0-0: Ball 1-0: Foul Ball, location: 2F 1-1: Called Strike 1-2: Ball 2-2: Ball 3-2: SINGLE (Line Drive, 6D, EV 100.0 MPH)
|
|
Batting: RHB Tim Wallach
|
0-0: Grounds into double play, 6-4-3 (Groundball, 6, EV 106.9 MPH)
|
|
Batting: LHB Randy Bush
|
0-0: Ball 1-0: Ball 2-0: Ground out 4-3 (Groundball, 4, EV 84.4 MPH)
|
| Top of the 4th over - 0 runs, 1 hit, 0 errors, 0 left on base; Eugene 0 - Salt Lake City 2 |
| BOTTOM OF THE 4TH |
|
Salt Lake City Bees batting - Pitching for Eugene Emeralds : RHP George Frazier
|
|
Batting: LHB Robert Schuster
|
0-0: SINGLE (Groundball, 3D, EV 106.3 MPH)
|
|
Batting: RHB Darrell Miller
|
0-0: Ball 1-0: SINGLE (Groundball, 56D, EV 98.1 MPH) Robert Schuster to second
|
|
Batting: RHB Reid Nichols
|
0-0: Called Strike 0-1: SINGLE (Groundball, 6MD, EV 99.4 MPH) Robert Schuster to third Darrell Miller to second
|
|
Batting: LHB Mike Cole
|
0-0: DOUBLE (Line Drive, 7LS, EV 101.9 MPH) Robert Schuster scores Darrell Miller scores Reid Nichols to third
|
|
Batting: LHB Eric Attaway
|
0-0: Ball 1-0: Ball 2-0: Ball 3-0: Base on Balls
|
|
Batting: RHB Dick C Schofield
|
0-0: Swinging Strike 0-1: SINGLE (Groundball, 56D, EV 106.9 MPH) Reid Nichols scores Mike Cole to third Eric Attaway to second
|
|
Batting: RHB William Cole
|
0-0: Ball 1-0: Ball 2-0: Foul Ball, location: 2F 2-1: Ball 3-1: Base on Balls Mike Cole scores Eric Attaway to third Dick C Schofield to second
|
|
Batting: RHB Jamie Nelson
|
0-0: Ball 1-0: Ball 2-0: Fly out, F8 (Flyball, 8RM, EV 85.6 MPH) Runner from 3rd tags up, SCORES, throw by CF
|
|
Pitching: LHP Martin Pavlik
|
|
|
Batting: RHB Darnell Coles
|
0-0: Called Strike 0-1: Called Strike 0-2: Ball 1-2: Strikes out looking
|
|
Batting: LHB Robert Schuster
|
0-0: Swinging Strike 0-1: Ball 1-1: Swinging Strike 1-2: Ball 2-2: Strikes out swinging
|
| Bottom of the 4th over - 5 runs, 5 hits, 0 errors, 2 left on base; Eugene 0 - Salt Lake City 7 |
| TOP OF THE 5TH |
|
Eugene Emeralds batting - Pitching for Salt Lake City Bees : LHP Gary Grunsky
|
|
Batting: RHB Derrell Baker
|
0-0: Called Strike 0-1: Ball 1-1: Ball 2-1: Ball 3-1: Foul Ball, location: 2F 3-2: Foul Ball, location: 2F 3-2: SINGLE (Groundball, 6D, EV 109.4 MPH)
|
|
Batting: LHB Milt May
|
0-0: Fly out, F6 (Flyball, 6D, EV 90.6 MPH)
|
|
Batting: LHB Terry Lee
|
0-0: Called Strike 0-1: Swinging Strike 0-2: Grounds into double play, 4-6-3 (Groundball, 4D, EV 106.3 MPH)
|
| Top of the 5th over - 0 runs, 1 hit, 0 errors, 0 left on base; Eugene 0 - Salt Lake City 7 |
| BOTTOM OF THE 5TH |
|
Salt Lake City Bees batting - Pitching for Eugene Emeralds : LHP Martin Pavlik
|
|
Batting: RHB Darrell Miller
|
0-0: Foul Ball, location: 2F 0-1: Ball 1-1: Swinging Strike 1-2: Strikes out swinging
|
|
Batting: RHB Reid Nichols
|
0-0: Ball 1-0: SINGLE (Line Drive, 9LS, EV 92.5 MPH)
|
|
Batting: LHB Mike Cole
|
0-0: Ball 1-0: Ball 2-0: Called Strike 2-1: Ball 3-1: Foul Ball, location: 2F 3-2: Base on Balls Reid Nichols to second
|
|
Batting: LHB Eric Attaway
|
0-0: Called Strike 0-1: Ball 1-1: Foul Ball, location: 2F 1-2: Ball 2-2: Foul Ball, location: 2F 2-2: Foul Ball, location: 2F 2-2: Foul Ball, location: 2F 2-2: Ball 3-2: Base on Balls Reid Nichols to third Mike Cole to second
|
|
Batting: RHB Dick C Schofield
|
0-0: Ball 1-0: Ball 2-0: GRAND SLAM HOME RUN (Flyball, 7D, EV 92.5 MPH), Distance : 372 ft
|
|
Batting: RHB William Cole
|
0-0: Ball 1-0: Ball 2-0: Foul Ball, location: 2F 2-1: SINGLE (Flyball, 56D, EV 86.9 MPH)
|
|
Batting: RHB Jamie Nelson
|
0-0: 2-RUN HOME RUN (Flyball, 7LD, EV 91.3 MPH), Distance : 349 ft
|
|
Pitching: RHP Adrian McCarthy
|
|
|
Batting: RHB Darnell Coles
|
0-0: Fly out, F8 (Flyball, 8RD, EV 103.8 MPH)
|
|
Batting: LHB Robert Schuster
|
0-0: Fly out, F9 (Flyball, 9LM, EV 88.1 MPH)
|
| Bottom of the 5th over - 6 runs, 4 hits, 0 errors, 0 left on base; Eugene 0 - Salt Lake City 13 |
| TOP OF THE 6TH |
|
Eugene Emeralds batting - Pitching for Salt Lake City Bees : LHP Gary Grunsky
|
|
Batting: LHB Ron Harrison
|
0-0: DOUBLE (Line Drive, 78D, EV 107.5 MPH)
|
|
Batting: RHB Bill Salazar
|
0-0: Ball 1-0: Ball 2-0: 2-RUN HOME RUN (Flyball, 9D, EV 105.0 MPH), Distance : 393 ft
|
|
Batting: LHB James Peters
|
0-0: Ball 1-0: Foul Ball, location: 2F 1-1: DOUBLE (Flyball, 8RXD, EV 108.8 MPH)
|
|
Batting: LHB Ty Gainey
|
0-0: Ball 1-0: SINGLE (Line Drive, 9S, EV 98.1 MPH) James Peters to third
|
|
Batting: RHB Tim Wallach
|
0-0: Called Strike 0-1: Called Strike 0-2: Ball 1-2: Grounds into double play, 6-4-3 (Groundball, 6, EV 87.5 MPH) James Peters scores
|
|
Batting: LHB Randy Bush
|
0-0: Ball 1-0: SINGLE (Flyball, 9S, EV 96.9 MPH)
|
|
Batting: RHB Derrell Baker
|
0-0: Ball 1-0: Ball 2-0: Ball 3-0: Called Strike 3-1: Base on Balls Randy Bush to second
|
|
Batting: LHB Milt May
|
0-0: Called Strike 0-1: Ball 1-1: Called Strike 1-2: Ball 2-2: Ground out 4-3 (Groundball, 34D, EV 82.5 MPH)
|
| Top of the 6th over - 3 runs, 5 hits, 0 errors, 2 left on base; Eugene 3 - Salt Lake City 13 |
| BOTTOM OF THE 6TH |
|
Salt Lake City Bees batting - Pitching for Eugene Emeralds : RHP Adrian McCarthy
|
|
Batting: RHB Darrell Miller
|
0-0: SINGLE (Line Drive, 3D, EV 97.5 MPH)
|
|
Batting: RHB Reid Nichols
|
0-0: Ball 1-0: Fly out, F6 (Popup, 6, EV 76.9 MPH)
|
|
Batting: LHB Mike Cole
|
Balk! Darrell Miller to second 0-0: Swinging Strike 0-1: Foul Ball, location: 2F 0-2: Ball 1-2: Ball 2-2: Foul Ball, location: 2F 2-2: Ball Wild Pitch! Darrell Miller to third 3-2: SINGLE (Groundball, 4MD, EV 94.4 MPH) Darrell Miller scores
|
|
Batting: LHB Eric Attaway
|
0-0: Ball 1-0: Ball 2-0: Called Strike 2-1: Foul Ball, location: 2F 2-2: Foul Ball, location: 2F 2-2: Strikes out swinging
|
|
Batting: RHB Dick C Schofield
|
0-0: Ball Wild Pitch! Mike Cole to second 1-0: Called Strike 1-1: Ball 2-1: Foul Ball, location: 2F 2-2: Foul Ball, location: 2F 2-2: Foul Ball, location: 2F 2-2: Ball 3-2: SINGLE (Line Drive, 34D, EV 97.5 MPH) Mike Cole to third Mike Cole scores
|
|
Batting: RHB William Cole
|
0-0: Swinging Strike 0-1: Ball 1-1: Foul Ball, location: 2F 1-2: Foul Ball, location: 2F 1-2: SINGLE (Groundball, 56D, EV 101.9 MPH) Dick C Schofield to second
|
|
Batting: RHB Jamie Nelson
|
0-0: Ball Wild Pitch! Dick C Schofield to third William Cole to second 1-0: Ball 2-0: DOUBLE (Popup, 3D, EV 73.1 MPH) Dick C Schofield scores William Cole scores
|
|
Batting: RHB Darnell Coles
|
0-0: Ball 1-0: Ball 2-0: Fly out, F4 (Popup, 4MS, EV 62.5 MPH)
|
| Bottom of the 6th over - 4 runs, 5 hits, 0 errors, 1 left on base; Eugene 3 - Salt Lake City 17 |
| TOP OF THE 7TH |
|
Eugene Emeralds batting - Pitching for Salt Lake City Bees : LHP Gary Grunsky
|
|
Pinch Hitting: LHB Richard Rickman
|
0-0: Ball 1-0: Ball 2-0: DOUBLE (Line Drive, 7LM, EV 98.1 MPH)
|
|
Batting: LHB Ron Harrison
|
0-0: SINGLE (Flyball, 8LS, EV 91.9 MPH) Richard Rickman to third Runner from 3rd tries for Home, SAFE, throw by CF to home Ron Harrison to second
|
|
Batting: RHB Bill Salazar
|
0-0: Called Strike 0-1: Ball 1-1: Foul Ball, location: 2F 1-2: Ball 2-2: Ball 3-2: Foul Ball, location: 2F 3-2: Ground out U3 (Groundball, 13, EV 84.4 MPH) Ron Harrison to third
|
|
Pitching: LHP Bryan Hardy
|
|
|
Pinch Hitting: RHB Jesus Vega
|
0-0: Reached on error, E6 (Groundball, 6, EV 102.5 MPH) Ron Harrison scores
|
|
Batting: LHB Ty Gainey
|
0-0: Ball 1-0: SINGLE (Line Drive, 4D, EV 108.8 MPH) Jesus Vega to third
|
|
Batting: RHB Tim Wallach
|
0-0: Ball 1-0: Called Strike 1-1: Ball Wild Pitch! Jesus Vega scores Ty Gainey to second 2-1: Swinging Strike 2-2: Ball 3-2: Reached on error, E5 (Groundball, 56, EV 85.6 MPH) Ty Gainey to third
|
|
Batting: LHB Randy Bush
|
0-0: Foul Ball, location: 2F 0-1: Fly out, F7 (Flyball, 78M, EV 92.5 MPH)
|
|
Batting: RHB Derrell Baker
|
0-0: Called Strike 0-1: Ground out 5-3 (Groundball, 56S, EV 70.6 MPH)
|
| Top of the 7th over - 3 runs, 3 hits, 2 errors, 2 left on base; Eugene 6 - Salt Lake City 17 |
| BOTTOM OF THE 7TH |
|
Salt Lake City Bees batting - Pitching for Eugene Emeralds : RHP Adrian McCarthy
|
|
Now at 2B: Clay Hill
|
|
|
Now in RF: Jesus Vega
|
|
|
Batting: LHB Robert Schuster
|
0-0: Ball 1-0: Ball 2-0: Called Strike 2-1: Foul Ball, location: 2F 2-2: Ball 3-2: Foul Ball, location: 2F 3-2: Base on Balls
|
|
Batting: RHB Darrell Miller
|
0-0: Called Strike 0-1: Ball 1-1: Grounds into double play, 6-4-3 (Groundball, 6, EV 96.3 MPH)
|
|
Pitching: LHP Alfredo Edmead
|
|
|
Pinch Hitting: RHB Hector Rincones
|
0-0: Swinging Strike 0-1: Called Strike 0-2: Fly out, F7 (Flyball, 78D, EV 105.6 MPH)
|
| Bottom of the 7th over - 0 runs, 0 hits, 0 errors, 0 left on base; Eugene 6 - Salt Lake City 17 |
| TOP OF THE 8TH |
|
Eugene Emeralds batting - Pitching for Salt Lake City Bees : LHP Bryan Hardy
|
|
Now at 2B: Hector Rincones
|
|
|
Batting: LHB Milt May
|
0-0: Foul Ball, location: 2F 0-1: Ball 1-1: Foul Ball, location: 2F 1-2: Strikes out swinging
|
|
Batting: LHB Clay Hill
|
0-0: Ball 1-0: Foul Ball, location: 2F 1-1: Ground out 4-3 (Groundball, 4, EV 83.1 MPH)
|
|
Batting: LHB Ron Harrison
|
0-0: Ground out 6-3 (Groundball, 6, EV 100.0 MPH)
|
| Top of the 8th over - 0 runs, 0 hits, 0 errors, 0 left on base; Eugene 6 - Salt Lake City 17 |
| BOTTOM OF THE 8TH |
|
Salt Lake City Bees batting - Pitching for Eugene Emeralds : LHP Alfredo Edmead
|
|
Pinch Hitting: RHB Antonio Baca
|
0-0: Ball 1-0: Foul Ball, location: 2F 1-1: Fly out, F9 (Flyball, 9S, EV 85.6 MPH)
|
|
Pinch Hitting: RHB Tony Brewer
|
0-0: Ball 1-0: Ball 2-0: Ball 3-0: Base on Balls
|
|
Pinch Hitting: RHB Salvador Maldonado
|
0-0: Ball 1-0: Called Strike 1-1: Ground out 5-3 (Groundball, 56, EV 89.4 MPH) Tony Brewer to second
|
|
Batting: RHB William Cole
|
0-0: Swinging Strike 0-1: Ball 1-1: Swinging Strike 1-2: SINGLE (Groundball, 6D, EV 105.6 MPH) Tony Brewer to third Runner from 3rd tries for Home, SAFE, throw by CF to home
|
|
Batting: RHB Jamie Nelson
|
0-0: Foul Ball, location: 2F 0-1: Foul Ball, location: 2F 0-2: DOUBLE (Line Drive, 5D, EV 103.8 MPH) William Cole to third Runner from 3rd tries for Home, SAFE, throw by LF to trailing runner, OUT at third! 7-6-5
|
| Bottom of the 8th over - 2 runs, 2 hits, 0 errors, 0 left on base; Eugene 6 - Salt Lake City 19 |
| TOP OF THE 9TH |
|
Eugene Emeralds batting - Pitching for Salt Lake City Bees : LHP Bryan Hardy
|
|
Now at 2B: Antonio Baca
|
|
|
Now in LF: Robert Potts
|
|
|
Now in CF: Tony Brewer
|
|
|
Batting: RHB Bill Salazar
|
0-0: Ground out 4-3 (Groundball, 13, EV 81.9 MPH)
|
|
Batting: RHB Jesus Vega
|
0-0: Foul Ball, location: 2F 0-1: Hit by Pitch
|
|
Pitching: RHP Ed Nunez
|
|
|
Batting: LHB Ty Gainey
|
0-0: Called Strike 0-1: Swinging Strike 0-2: Fly out, F8 (Line Drive, 8RM, EV 101.3 MPH)
|
|
Batting: RHB Tim Wallach
|
0-0: Ball 1-0: SINGLE (Line Drive, 8LM, EV 98.8 MPH) Jesus Vega to second
|
|
Batting: LHB Randy Bush
|
0-0: Swinging Strike 0-1: Fly out, F5 (Popup, 5S, EV 80.6 MPH)
|
| Top of the 9th over - 0 runs, 1 hit, 0 errors, 2 left on base; Eugene 6 - Salt Lake City 19 |
|